 Dungeon Crawl Stone Soup version 0.25.1-1-g288607f (webtiles) character file.

Game seed: 14516043880530173762

101 Gadfly the Chiller (level 4, 0/24 HPs)
             Began as a Deep Elf Ice Elementalist on July 23, 2020.
             Slain by a worm (8 damage)
             ... on level 3 of the Dungeon.
             The game lasted 00:04:07 (3242 turns).

Gadfly the Chiller (Deep Elf Ice Elementalist)      Turns: 3242, Time: 00:04:08

Health: 0/24       AC:  3    Str:  5    XL:     4   Next: 48%
Magic:  9/12       EV: 13    Int: 21    God:
Gold:   136        SH:  0    Dex: 15    Spells: 1/12 levels left

rFire    . . .     SeeInvis .   a - +2 short sword (elec)
rCold    . . .     Gourm    .   (no shield)
rNeg     . . .     Faith    .   m - +1 robe
rPois    .         Spirit   .   (no helmet)
rElec    .         Reflect  .   (no cloak)
rCorr    .         Harm     .   (no gloves)
MR       .....                  (no boots)
Stlth    ++........             (no amulet)
HPRegen  0.08/turn              (no ring)
MPRegen  0.13/turn              (no ring)

@: no status effects
A: no striking features
a: no special abilities


You were on level 3 of the Dungeon.
You were not hungry.

You visited 1 branch of the dungeon, and saw 4 of its levels.

You collected 136 gold pieces.

Inventory:

Hand Weapons
 a - a +2 short sword of electrocution (weapon)
Armour
 m - a +1 robe (worn)
Scrolls
 d - a scroll of enchant weapon
 e - a scroll of teleportation
 h - 2 scrolls of amnesia
Potions
 b - a potion of degeneration {unknown}
 f - a potion of heal wounds
 i - a potion of flight {unknown}
 j - a potion of ambrosia {unknown}
 k - a potion of mutation {unknown}
 l - 3 potions of curing {unknown}
Comestibles
 c - 4 rations
 g - 11 chunks of flesh


   Skills:
 + Level 0.1 Fighting
 * Level 3.3 Dodging
 - Level 2.4 Stealth
 * Level 4.5 Spellcasting
 * Level 0.2 Conjurations
 + Level 0.3 Charms
 * Level 5.3 Ice Magic


You had one spell level left.
You knew the following spells:

 Your Spells              Type           Power        Failure   Level  Hunger
a - Freeze                Ice            ####         1%          1    None
b - Frozen Ramparts       Ice            ####..       3%          3    ##.....
c - Ozocubu's Armour      Chrm/Ice       ###.....     11%         3    ##.....
d - Hailstorm             Conj/Ice       ###.....     34%         4    ####...

Your spell library contained the following spells:

 Spells                   Type           Power        Failure   Level  Hunger
 Summon Ice Beast         Ice/Summ       ###.....     36%         4    ####...


Dungeon Overview and Level Annotations

Branches:
Dungeon (4/15)
 Temple: D:4-7

Altars:
Fedhas
Gozag

Annotations:
D:4 2 transporters, ogel02's ghost, amateur GrFi


Message History

Aim: a worm (moderately wounded)
You freeze the worm.
The worm is heavily wounded.
Casting: Freeze (safe; 1% risk of failure)
Confirm with . or Enter, or press ? or * to list all spells.
Aiming: Freeze (safe; 1% risk of failure)
Press: ? - help, Shift-Dir - straight line, f/p - worm
Aim: a worm (heavily wounded)
You freeze the worm.
The worm is heavily wounded.
The worm bites you.
Casting: Freeze (safe; 1% risk of failure)
Confirm with . or Enter, or press ? or * to list all spells.
Aiming: Freeze (safe; 1% risk of failure)
Press: ? - help, Shift-Dir - straight line, f/p - worm
Aim: a worm (heavily wounded)
You freeze the worm.
The worm is heavily wounded.
The worm bites you!
You die...

########
#....÷.# #####
#.####.##......
#.# #.@w......
#.# ####.#.###
#.# #
######.######
#.....÷.....#
#.###..####...
#.# #.## ..#
#.# #.# #...#
#.# #.# #...
... .


You could see a worm.

Vanquished Creatures
  A hound skeleton (D:4)
  3 adders
  2 worms
  2 dart slugs (D:1)
  2 leopard geckos
  4 giant cockroaches
  6 goblins
  9 hobgoblins
  2 jackals (D:3)
  A quokka (D:2)
  3 bats (D:3)
  9 frilled lizards
  5 kobolds
  A rat (D:2)
50 creatures vanquished.

Notes
Turn   | Place    | Note
-------+----------+-------------------------------------------
     0 | D:1      | Gadfly the Deep Elf Ice Elementalist began the quest for
                  | the Orb.
     0 | D:1      | Reached XP level 1. HP: 10/10 MP: 6/6
   383 | D:1      | Reached XP level 2. HP: 8/15 MP: 6/8
   994 | D:2      | Found an opulent altar of Gozag.
  1735 | D:2      | You fall into a shaft and drop 2 floors!
  1735 | D:4      | Found a transporter.
  1735 | D:4      | Found a transporter.
  1736 | D:4      | Noticed an ogre
  1736 | D:4      | Noticed ogel02's ghost (amateur GrFi)
  1736 | D:4      | Noticed an ogre
  1755 | D:4      | Reached XP level 3. HP: 10/19 MP: 8/10
  1906 | D:4      | Learned a level 3 spell: Frozen Ramparts
  1910 | D:4      | Learned a level 3 spell: Ozocubu's Armour
  1916 | D:3      | Reached skill level 5 in Ice Magic
  2505 | D:2      | Reached XP level 4. HP: 23/24 MP: 12/12
  2902 | D:2      | Learned a level 4 spell: Hailstorm
  3130 | D:3      | Found a blossoming altar of Fedhas.
  3242 | D:3      | Slain by a worm

Illustrated notes

Levels and vault maps discovered:
D:1:      tarquinn_simple_flora_water_e, layout_rooms
D:2:      layout_basic, nicolae_gozag_seed_capital
D:3:      layout_loops_ring, overflow_temple_1_default
D:4:      layout_gridville, kennysheep_little_box, first_ration,
          gammafunk_ghost_smash, uniq_crazy_yiuf_cottage

Skill      XL: |  1  2  3 |
---------------+----------+-----
Spellcasting   | 4 |  4.5
Dodging        | 3 |  3.3
Ice Magic      | 5 |  5.3
Fighting       | |  0.1
Stealth        | |  2.4
Conjurations   | |  0.2
Charms         | |  0.3

Action                   |  1- 3 |  4- 6 || total
-------------------------+-------+-------++-------
Melee: Short sword       |   127 |    39 ||   166
 Cast: Freeze            |     9 |     5 ||    14
       Frozen Ramparts   |     2 |     1 ||     3
  Use: Scroll            |     5 |     3 ||     8
 Stab: Sleeping          |     6 |     5 ||    11
  Eat: Chunk             |     5 |     3 ||     8
Armor: Robe              |    16 |     7 ||    23
Dodge: Dodged            |    95 |    31 ||   126
